 Dungeon Crawl Stone Soup version 0.25-a0-583-g696c2ac64d (webtiles) character file.

Game seed: 8728638974822143155, levelgen mode: deterministic

5432 An17 the Grappler (level 10, -4/93 HPs)
             Began as a Purple Draconian Transmuter on Mar 8, 2020.
             Was a Believer of Cheibriados.
             Slain by a killer bee (7 damage)
             ... on level 8 of the Dungeon.
             The game lasted 00:21:45 (6247 turns).

An17 the Grappler (Purple Draconian Transmuter)     Turns: 6247, Time: 00:21:47

Health: -4/93      AC:  6    Str: 21    XL:     10   Next: 40%
Magic:  16/20      EV: 14    Int: 19    God:    Cheibriados [**....]
Gold:   390        SH:  0    Dex: 22    Spells: 7/22 levels left

rFire    x . .     SeeInvis +     - Unarmed
rCold    + + +     Gourm    .   (shield currently unavailable)
rNeg     . . .     Faith    .   (armour unavailable)
rPois    +         Spirit   .   (helmet currently unavailable)
rElec    .         Reflect  .   (cloak currently unavailable)
rCorr    .         Harm     .   (gloves currently unavailable)
MR       +....                  (boots currently unavailable)
Stlth    ++........             (no amulet)
HPRegen  0.25/turn              o - +6 ring of dexterity
MPRegen  0.17/turn              u - ring of see invisible

@: lethally poisoned (-4 -> -4), ice-form, very slow
A: large, (breathe power), unfitting armour, AC +7
a: End Transformation, Bend Time, Renounce Religion


You were on level 8 of the Dungeon.
You worshipped Cheibriados.
Cheibriados was pleased with you.
You were not hungry.
You were a creature of crystalline ice.
You visited 2 branches of the dungeon, and saw 9 of its levels.

You collected 390 gold pieces.

Inventory:

Missiles
 a - 118 arrows
Armour
 f - a +1 cloak (melded)
 t - a +0 pair of boots (melded)
Jewellery
 o - a +6 ring of dexterity (left front paw)
 u - a ring of see invisible (right front paw)
Wands
 p - a wand of scattershot (1)
 q - a wand of paralysis (13)
 r - a wand of disintegration (14)
 s - a wand of acid (18)
Scrolls
 e - 7 scrolls of remove curse
 j - a scroll of fear
 k - 2 scrolls of enchant armour
 v - a scroll of magic mapping
Potions
 b - 4 potions of curing
 d - a potion of cancellation
 g - a potion of resistance
 h - a potion of flight
 i - 2 potions of mutation
 l - 3 potions of lignification {unknown}
 n - 2 potions of brilliance
Comestibles
 c - 17 rations


   Skills:
 + Level 3.9 Fighting
 + Level 5.7 Dodging
 + Level 11.0 Unarmed Combat
 + Level 6.9 Spellcasting
 + Level 6.1 Transmutations
 + Level 0.9 Ice Magic
 + Level 2.7 Poison Magic


You had 7 spell levels left.
You knew the following spells:

 Your Spells              Type           Power        Failure   Level  Hunger
a - Beastly Appendage     Tmut           ####..       1%          1    None
b - Sticks to Snakes      Tmut           ####....     1%          2    None
c - Spider Form           Tmut/Pois      ###.......   4%          3    #......
d - Blade Hands           Tmut           ####......   24%         5    #####..
e - Ice Form              Ice/Tmut       ###.....     24%         4    ###....

Your spell library contained the following spells:

 Spells                   Type           Power        Failure   Level  Hunger


Dungeon Overview and Level Annotations

Branches:
Dungeon (8/15)             Temple (1/1) D:5            Lair (0/6) D:8

Altars:
Cheibriados
Gozag
Makhleb
Okawaru
Ru
Sif Muna

Shops:
D:4 [   D:5 *(?   D:6 !

Annotations:
D:5 3 runed translucent doors, Roikka's ghost, novice HuNe


Innate Abilities, Weirdness & Mutations

((You can breathe bolts of dispelling energy.))
((Your rich purple scales are hard. (AC +7)))
You cannot fit into any form of body armour.
((You are cold-blooded and may be slowed by cold attacks.))


Message History

The killer bee closely misses you. The killer bee stings you.
* * * LOW HITPOINT WARNING * * *
You are too injured to fight recklessly!
You are too injured to fight recklessly!
You are too injured to fight recklessly!
You are too injured to fight recklessly!
You pummel the killer bee!! You freeze the killer bee.
You kill the killer bee!
Cheibriados thoroughly appreciates the change of pace.
The killer bee stings you!
* * * LOW HITPOINT WARNING * * *
The killer bee misses you.
The killer bee stings you but does no damage.
The killer bee buzzes angrily.
You punch the killer bee! You freeze the killer bee.
You kill the killer bee!
Cheibriados thoroughly appreciates the change of pace.
You hear an angry buzzing noise.
The killer bee stings you!
You die...

####>...r...###.##.###.#.#.#
...................†.#†#.#.#
...................#.#.#.#.#
.###........###..#.#...#.#.#
.# ######...# ##.#.#####.#.#
.# ########.#.# .#
######........# .#
#.........†#..# .#
#....)....†Y.># .#
#....y....y##.# ##
###..y.....# .#
#.######....# ### ##. ######
#.###.... #........
#...y.... #....y..#


You could see 3 killer bees.

Vanquished Creatures
  A two-headed ogre (D:8)
  2 death yaks (D:8)
  Grinder (D:4)
  A hippogriff (D:3)
  Prince Ribbit (D:6)
  4 hogs (D:7)
  A human (D:7)
  Menkaure (D:4)
  3 ice beasts
  An orc warrior (D:7)
  4 ogres
  A phantom (D:6)
  2 centaurs
  4 bullfrogs
  A scorpion (D:6)
  A wyvern skeleton (D:6)
  4 killer bees (D:8)
  A howler monkey (D:4)
  A crimson imp (D:5)
  2 orc priests
  2 hounds
  A bullfrog skeleton (D:4)
  A jelly (D:6)
  3 iguanas
  5 orc wizards
  2 worker ants (D:4)
  A killer bee zombie (D:6)
  A hound zombie (D:7)
  4 gnolls (D:7)
  6 adders
  A river rat (D:8)
  A shadow imp (D:5)
  An adder skeleton (D:4)
  An adder zombie (D:4)
  5 worms
  2 dart slugs
  5 leopard geckos
  15 orcs
  2 ball pythons
  5 giant cockroaches
  9 goblins
  5 hobgoblins
  12 jackals
  A quokka (D:3)
  4 bats
  2 frilled lizards
  6 kobolds
  2 leopard gecko skeletons
  6 rats
148 creatures vanquished.

Notes
Turn   | Place    | Note
-------+----------+-------------------------------------------
     0 | D:1      | An17 the Draconian Transmuter began the quest for the Orb.
     0 | D:1      | Reached XP level 1. HP: 16/16 MP: 3/3
   116 | D:1      | Reached XP level 2. HP: 19/23 MP: 5/5
   221 | D:1      | Learned a level 2 spell: Sticks to Snakes
   747 | D:2      | Reached XP level 3. HP: 22/28 MP: 4/6
   772 | D:2      | Learned a level 3 spell: Spider Form
   777 | D:2      | You fall into a shaft and drop 1 floor!
   787 | D:3      | Noticed a hippogriff
   802 | D:3      | Killed a hippogriff
   802 | D:3      | Reached skill level 4 in Unarmed Combat
   802 | D:3      | Reached XP level 4. HP: 7/35 MP: 2/8
   802 | D:3      | Reached XP level 5. HP: 8/40 MP: 2/9
  1359 | D:2      | Found an iron altar of Okawaru.
  1672 | D:3      | Reached XP level 6. HP: 40/47 MP: 8/10
  1679 | D:3      | Learned a level 5 spell: Blade Hands
  1935 | D:4      | Found Pivedor's Antique Armour Shop.
  1978 | D:4      | Noticed an ice beast
  1996 | D:4      | Killed an ice beast
  1996 | D:4      | Reached skill level 5 in Unarmed Combat
  2129 | D:4      | Noticed Menkaure
  2681 | D:4      | Your scales start taking on a rich purple colour.
  2681 | D:4      | Reached XP level 7. HP: 35/55 MP: 1/13
  2838 | D:4      | Killed Menkaure
  2838 | D:4      | Reached skill level 6 in Unarmed Combat
  3103 | D:4      | Noticed Grinder
  3118 | D:4      | Killed Grinder
  3126 | D:4      | Found an iron altar of Okawaru.
  3308 | D:4      | Reached XP level 8. HP: 61/62 MP: 8/15
  3314 | D:4      | Learned a level 4 spell: Ice Form
  3369 | D:5      | Entered Level 5 of the Dungeon
  3445 | D:5      | Found a staircase to the Ecumenical Temple.
  3566 | D:5      | Reached skill level 7 in Unarmed Combat
  3566 | D:5      | Reached skill level 5 in Spellcasting
  3639 | D:5      | Found Dasirph's Weapon Boutique.
  3676 | D:5      | Found an opulent altar of Gozag.
  3677 | D:5      | Found Gozag's Platinum Reserve.
  3705 | D:5      | Found a runed translucent gate.
  3705 | D:5      | Found a runed translucent gate.
  3705 | D:5      | Found a runed translucent gate.
  3705 | D:5      | Noticed Roikka's ghost (novice HuNe)
  3815 | Temple   | Entered the Ecumenical Temple
  3826 | Temple   | Became a worshipper of Cheibriados the Contemplative
  3928 | D:5      | Found Joinergh's Magic Scroll Emporium.
  4174 | D:6      | Reached skill level 1 in Poison Magic
  4185 | D:6      | Found Ibyfipn's Distillery.
  4255 | D:6      | Reached skill level 8 in Unarmed Combat
  4619 | D:6      | Found a sacrificial altar of Ru.
  4650 | D:6      | Noticed Prince Ribbit
  4655 | D:6      | Killed Prince Ribbit
  4704 | D:6      | Reached XP level 9. HP: 66/70 MP: 9/17
  4987 | D:7      | Reached * piety under Cheibriados
  5161 | D:7      | Reached skill level 9 in Unarmed Combat
  5261 | D:7      | Reached skill level 5 in Transmutations
  5429 | D:7      | Reached skill level 5 in Dodging
  5680 | D:7      | Reached ** piety under Cheibriados
  5749 | D:8      | Noticed a two-headed ogre
  5756 | D:8      | Killed a two-headed ogre
  5756 | D:8      | Reached skill level 10 in Unarmed Combat
  5756 | D:8      | Reached XP level 10. HP: 77/77 MP: 9/19
  5758 | D:8      | Noticed a death yak
  5758 | D:8      | Noticed a death yak
  5759 | D:8      | Found a staircase to the Lair.
  5759 | D:8      | Noticed a death yak
  6201 | D:8      | Killed a death yak
  6219 | D:8      | Killed a death yak
  6219 | D:8      | Reached skill level 11 in Unarmed Combat
  6246 | D:8      | HP: 3/93 [killer bee (8)]
  6247 | D:8      | Slain by a killer bee

Levels and vault maps discovered:
D:1:      heliophobic_arrival_henge, layout_basic
D:2:      layout_basic, okawaru_trees_2
D:3:      layout_basic, first_ration
D:4:      layout_basic, lemuel_doored_altar, serial_shops, shop, uniq_menkaure,
          uniq_grinder
D:5:      layout_basic, minmay_temple_entry_statues, ebering_ghost_rock_garden,
          serial_shops, nicolae_shop_stone, shop,
          nicolae_gozag_zags_fifth_avenue
D:6:      layout_rooms, serial_shops, shop_statue, nicolae_ru_awakened_eye,
          uniq_prince_ribbit1
D:7:      layout_gridville, grunt_livestock, grunt_ministairs_15
D:8:      layout_basic, dpeg_lair_monsters, lemuel_mausoleum_altar_yredelemnul
Temple:   eino_temple_scatter_basement

Skill      XL: |  1  2  3  4  5  6  7  8  9 10 |
---------------+-------------------------------+-----
Dodging        | 2 3 4 5 |  5.7
Unarmed Combat | 4 5 6 8 10 11 | 11.0
Transmutations | 3 4 5 6 |  6.1
Spellcasting   | 3 4 5 6 |  6.9
Fighting       | 2 3 |  3.9
Poison Magic   | 1 2 |  2.7
Ice Magic      | |  0.9

Action                   |  1- 3 |  4- 6 |  7- 9 | 10-12 || total
-------------------------+-------+-------+-------+-------++-------
Melee: Unarmed           |    74 |   170 |   206 |    31 ||   481
       Headbutt          |     4 |    12 |    10 |       ||    26
       Kick              |     4 |    12 |     9 |       ||    25
       Tailslap          |     3 |    19 |    29 |     2 ||    53
       Punch             |       |     1 |     8 |       ||     9
 Cast: Beastly Appendage |    11 |    19 |    11 |       ||    41
       Sticks to Snakes  |     2 |       |       |       ||     2
       Spider Form       |       |     2 |     5 |     1 ||     8
       Blade Hands       |       |       |     3 |       ||     3
       Ice Form          |       |       |     2 |     2 ||     4
  Use: Scroll            |     3 |     7 |     7 |     4 ||    21
       Potion            |     3 |       |     3 |     1 ||     7
 Stab: Sleeping          |       |     1 |     1 |       ||     2
  Eat: Ration            |       |     2 |     4 |       ||     6
Armor: Skin              |    22 |    62 |    43 |    10 ||   137
Dodge: Dodged            |    56 |    97 |   133 |    46 ||   332

Table legend:
 A = Non-vault XP
 B = Vault XP
 C = Vault XP percentage of total XP
 D = Non-vault monster count
 E = Vault monster count
 F = Vault count percentage of total count
                 A         B        C        D         E       F
            +---------+---------+-------+---------+---------+-------
      Total |    4217 |    3543 |  45.7 |     135 |      13 |   8.8
            +---------+---------+-------+---------+---------+-------
        D:1 |      36 |       0 |   0.0 |      19 |       0 |   0.0
        D:2 |      77 |       0 |   0.0 |      26 |       0 |   0.0
        D:3 |     292 |       0 |   0.0 |      16 |       0 |   0.0
        D:4 |     629 |     469 |  42.7 |      19 |       2 |   9.5
        D:5 |     172 |       0 |   0.0 |       3 |       0 |   0.0
        D:6 |     906 |     264 |  22.6 |      17 |       1 |   5.6
        D:7 |     751 |    1065 |  58.6 |      26 |       7 |  21.2
        D:8 |    1354 |    1745 |  56.3 |       9 |       3 |  25.0
            +---------+---------+-------+---------+---------+-------
